Workbook

Sheet Приложение 1
C1: Приложение 1 к решению Совета депутатов Мордовско-Полянского сельского поселения Зубово-Полянского муниципального района Республики Мордовия «О внесении изменений и дополнений в бюджет Мордовско-Полянского сельского поселения Зубово-Полянского муниципального района Республики Мордовия на 2023 год и на плановый период 2024 и 2025 годы» № от 2023 г
A6: ОБЪЕМ БЕЗВОЗМЕЗДНЫХ ПОСТУПЛЕНИЙ В БЮДЖЕТ МОРДОВСКО-ПОЛЯНСКОГО СЕЛЬСКОГО ПОСЕЛЕНИЯ ЗУБОВО-ПОЛЯНСКОГО МУНИЦИПАЛЬНОГО РАЙОНА РЕСПУБЛИКИ МОРДОВИЯ НА 2023 ГОД И НА ПЛАНОВЫЙ ПЕРИОД 2024 И 2025 ГОДЫ
E7: (тыс. рублей)
A8: Код | B8: Наименование | C8: Сумма
C9: 2023 год | D9: 2024 год | E9: 2025 год
A10: 1 | B10: 2 | C10: 3 | D10: 4 | E10: 5
A11: 850 00000 00 0000 000 | B11: ДОХОДЫ БЮДЖЕТА -ВСЕГО | C11: =C12+C27 -> 4908.17 | D11: =D12+D27 -> 1474.6 | E11: =E12+E27 -> 1440.5
A12: 100 00000 00 0000 000 | B12: НАЛОГОВЫЕ И НЕНАЛОГОВЫЕ ДОХОДЫ | C12: =C13+C18+C23+C25 -> 745.17 | D12: =D13+D18+D23+D25 -> 573.4 | E12: =E13+E18+E23+E25 -> 511.7
A13: 101 00000 00 0000 000 | B13: НАЛОГИ НА ПРИБЫЛЬ, ДОХОДЫ | C13: =C14 -> 53 | D13: =D14 -> 57.1 | E13: =E14 -> 58.8
A14: 101 02000 01 0000 110 | B14: Налог на доходы физических лиц | C14: =C15+C16+C17 -> 53 | D14: =D15+D16+D17 -> 57.1 | E14: =E15+E16+E17 -> 58.8
A15: 101 02010 01 0000 110 | B15: Налог на доходы физических лиц с доходов, источником которых является налоговый агент, за исключением доходов, в отношении которых исчисление и уплата налога осуществляются в соответствии со статьями 227, 2271 и 228 Налогового кодекса Российской Федерации (сумма платежа (перерасчеты, недоимка и задолженность по соответствующему платежу, в том числе по отмененному) | C15: 52.8 | D15: 56.9 | E15: 58.6
A16: 101 02020 01 0000 110 | B16: Налог на доходы физических лиц с доходов, полученных от осуществления деятельности физическими лицами, зарегистрированными в качестве индивидуальных предпринимателей, нотариусов, занимающихся частной практикой, адвокатов, учредивших адвокатские кабинеты, и других лиц, занимающихся частной практикой в соответствии со статьей 227 Налогового кодекса Российской Федерации | C16: 0.1 | D16: 0.1 | E16: 0.1
A17: 101 02030 01 0000 110 | B17: Налог на доходы физических лиц с доходов, полученных физическими лицами в соответствии со статьей 228 Налогового кодекса Российской Федерации | C17: 0.1 | D17: 0.1 | E17: 0.1
A18: 106 00000 00 0000 000 | B18: НАЛОГИ НА ИМУЩЕСТВО | C18: =C19+C20 -> 522.7 | D18: =D19+D20 -> 516.3 | E18: =E19+E20 -> 452.9
A19: 106 01030 10 0000110 | B19: Налог на имущество физических лиц, взимаемый по ставкам, применяемым к объектам налогообложения, расположенным в границах сельских поселений (сумма платежа (перерасчеты, недоимка и задолженность по соответствующему платежу, в том числе по отмененному) | C19: 31.3 | D19: 30.6 | E19: 29.8
A20: 106 06000 00 0000 110 | B20: ЗЕМЕЛЬНЫЙ НАЛОГ | C20: =C21+C22 -> 491.4 | D20: =D21+D22 -> 485.7 | E20: =E21+E22 -> 423.1
A21: 106 06033 10 0000 110 | B21: Земельный налог с организаций, обладающих земельным участком, расположенным в границах сельских поселений | C21: 331.4 | D21: 335.7 | E21: 293.1
A22: 106 06043 10 0000 110 | B22: Земельный налог с физических лиц, обладающих земельным участком, расположенным в границах сельских поселений | C22: 160 | D22: 150 | E22: 130
A23: 114 00000 00 0000 000 | B23: ДОХОДЫ ОТ ПРОДАЖИ МАТЕРИАЛЬНЫХ И НЕМАТЕРИАЛЬНЫХ АКТИВОВ | C23: =C24 -> 139.47 | D23: =D24 -> 0 | E23: =E24 -> 0
A24: 114 06025 10 0000 430 | B24: Доходы от продажи земельных участков, находящихся в собственности сельских поселений (за исключением земельных участков муниципальных бюджетных и автономных учреждений) | C24: 139.47 | D24: 0 | E24: 0
A25: 117 00000 00 0000 000 | B25: Прочие неналоговые доходы | C25: =C26 -> 30 | D25: =D26 -> 0 | E25: =E26 -> 0
A26: 117 14030 10 00000 150 | B26: Средства самообложения граждан, зачисляемые в бюджеты сельских поселений | C26: =5.5+24.5 -> 30 | D26: 0 | E26: 0
A27: 200 00000 00 0000 000 | B27: БЕЗВОЗМЕЗДНЫЕ ПОСТУПЛЕНИЯ | C27: =C28 -> 4163 | D27: =D28 -> 901.2 | E27: =E28 -> 928.8
A28: 202 00000 00 0000 000 | B28: БЕЗВОЗМЕЗДНЫЕ ПОСТУПЛЕНИЯ ОТ ДРУГИХ БЮДЖЕТОВ БЮДЖЕТНОЙ СИСТЕМЫ РОССИЙСКОЙ ФЕДЕРАЦИИ | C28: =C29+C34+C37+C42 -> 4163 | D28: =D29+D34+D37+D42 -> 901.2 | E28: =E29+E34+E37+E42 -> 928.8
A29: 202 10000 00 0000 150 | B29: Дотации бюджетам бюджетной системы Российской Федерации | C29: =C30+C32 -> 1002.6 | D29: =D30+D32 -> 636.1 | E29: =E30+E32 -> 659.3
A30: 202 15001 00 0000 150 | B30: Дотации на выравнивание бюджетной обеспеченности | C30: =C31 -> 706.6 | D30: =D31 -> 636.1 | E30: =E31 -> 659.3
A31: 202 15001 10 0000 150 | B31: Дотации бюджетам сельских поселений на выравнивание бюджетной обеспеченности из бюджета субъекта Российской Федерации | C31: 706.6 | D31: 636.1 | E31: 659.3
A32: 202 15002 00 0000 150 | B32: Дотации бюджетам на поддержку мер по обеспечению сбалансированности бюджетов | C32: =C33 -> 296 | D32: =D33 -> 0 | E32: =E33 -> 0
A33: 202 15002 10 0000 150 | B33: Дотации бюджетам сельских поселений на поддержку мер по обеспечению сбалансированности бюджетов | C33: 296 | D33: 0 | E33: 0
A34: 202 20000 00 0000 000 | B34: СУБСИДИИ бюджетам бюджетной системы Российской Федерации (межбюджетные субсидии) | C34: =C35 -> 70 | D34: =D35 -> 0 | E34: =E35 -> 0
A35: 202 29999 00 0000 150 | B35: Прочие субсидии | C35: =C36 -> 70 | D35: =D36 -> 0 | E35: =E36 -> 0
A36: 202 29999 10 0000 150 | B36: Прочие субсидии бюджетам сельских поселений | C36: 70 | D36: 0 | E36: 0
A37: 202 30000 00 0000 150 | B37: Субвенции бюджетам бюджетной системы Российской Федерации | C37: =C38+C40 -> 110 | D37: =D38+D40 -> 115.1 | E37: =E38+E40 -> 119.5
A38: 202 30024 00 0000 150 | B38: Субвенции местным бюджетам на выполнение передаваемых полномочий субъектов Российской Федерации | C38: =C39 -> 0.7 | D38: =D39 -> 0.7 | E38: =E39 -> 0.8
A39: 202 30024 10 0000 150 | B39: Субвенции бюджетам сельских поселений на выполнение передаваемых полномочий субъектов Российской Федерации | C39: 0.7 | D39: 0.7 | E39: 0.8
A40: 202 35118 00 0000 150 | B40: Субвенции бюджетам на осуществление первичного воинского учета на территориях, где отсутствуют военные комиссариаты | C40: =C41 -> 109.3 | D40: =D41 -> 114.4 | E40: =E41 -> 118.7
A41: 202 35118 10 0000 150 | B41: Субвенции на осуществление государственных полномочий Российской Федерации по первичному воинскому учету на территориях, где отсутствуют военные комиссариаты | C41: 109.3 | D41: 114.4 | E41: 118.7
A42: 202 40000 00 0000 000 | B42: ИНЫЕ МЕЖБЮДЖЕТНЫЕ ТРАНСФЕРТЫ | C42: =C43+C45 -> 2980.4 | D42: =D43+D45 -> 150 | E42: =E43+E45 -> 150
A43: 202 40014 00 0000 150 | B43: Межбюджетные трансферты, передаваемые бюджетам муниципальных образований на осуществление части полномочий по решению вопросов местного значения в соответствии с заключенными соглашениями | C43: =C44 -> 150 | D43: =D44 -> 150 | E43: =E44 -> 150
A44: 202 40014 10 0000 150 | B44: Межбюджетные трансферты, передаваемые бюджетам сельских поселений из бюджетов муниципальных районов на осуществление части полномочий по решению вопросов местного значения в соответствии с заключенными соглашениями | C44: 150 | D44: 150 | E44: 150
A45: 202 49999 00 0000 150 | B45: Прочие межбюджетные трансферты, передаваемые бюджетам | C45: =C46 -> 2830.4 | D45: =D46 -> 0 | E45: =E46 -> 0
A46: 202 49999 10 0000 150 | B46: Прочие межбюджетные трансферты, передаваемые бюджетам сельских поселений | C46: 2830.4 | D46: 0 | E46: 0

Sheet Приложение 2
I1: Приложение 2 к решению Совета депутатов Мордовско-Полянского сельского поселения Зубово-Полянского муниципального района Республики Мордовия «О внесении изменений и дополнений в бюджет Мордовско-Полянского сельского поселения Зубово-Полянского муниципального района Республики Мордовия на 2023 год и на плановый период 2024 и 2025 годы» № от 2023 г
A2: ВЕДОМСТВЕННАЯ СТРУКТУРА РАСХОДОВ БЮДЖЕТА МОРДОВСКО-ПОЛЯНСКОГО СЕЛЬСКОГО ПОСЕЛЕНИЯ ЗУБОВО-ПОЛЯНСКОГО МУНИЦИПАЛЬНОГО РАЙОНА РЕСПУБЛИКИ МОРДОВИЯ НА 2023 ГОД И НА ПЛАНОВЫЙ ПЕРИОД 2024 И 2025 ГОДЫ
I3: (тыс. рублей)
A4: Наименование | B4: Адм | C4: Рз | D4: Прз | E4: Цср | I4: Вр | J4: Сумма
J5: 2023 год | K5: 2024 год | L5: 2025 год
A6: 1 | B6: 2 | C6: 3 | D6: 4 | E6: 5 | F6: 6 | G6: 7 | H6: 8 | I6: 9 | J6: 10 | K6: 11 | L6: 12
A7: ВСЕГО | J7: =J8+J39+J49+J56+J66+J73+J83 -> 4908.17 | K7: =K8+K39+K49+K56+K66+K73+K83 -> 1474.6 | L7: =L8+L39+L49+L56+L66+L73+L83 -> 1440.5
A8: Администрация Мордовско-Полянского сельского поселения Зубово-Полянского муниципального района Республики Мордовия | B8: 923 | C8: 01 | J8: =J9+J15+J32 -> 1343 | K8: =K9+K15+K32 -> 939 | L8: =L9+L15+L32 -> 853.1
A9: Функционирование главы администрации Мордовско-Полянского сельского поселения Зубово-Полянского муниципального района | B9: 923 | C9: 01 | D9: 02 | J9: =J10 -> 409.8 | K9: =K10 -> 309.8 | L9: =L10 -> 309.8
A10: Обеспечение деятельности администрации Мордовско-Полянского сельского поселения Зубово-Полянского муниципального района | B10: 923 | C10: 01 | D10: 02 | E10: 65 | J10: =J11 -> 409.8 | K10: =K11 -> 309.8 | L10: =L11 -> 309.8
A11: Обеспечение деятельности главы администрации Мордовско-Полянского сельского поселения Зубово-Полянского муниципального района | B11: 923 | C11: 01 | D11: 02 | E11: 65 | F11: 2 | J11: =J12 -> 409.8 | K11: =K12 -> 309.8 | L11: =L12 -> 309.8
A12: Расходы на выплаты по оплате труда высшего должностного лица | B12: 923 | C12: 01 | D12: 02 | E12: 65 | F12: 2 | G12: 00 | H12: 41150 | J12: =J14 -> 409.8 | K12: =K14 -> 309.8 | L12: =L14 -> 309.8
A13: Расходы на выплаты персоналу в целях обеспечения выполнения функций государственными (муниципальными) органами, казенными учреждениями, органами управления государственными внебюджетными фондами | B13: 923 | C13: 01 | D13: 02 | E13: 65 | F13: 2 | G13: 00 | H13: 41150 | I13: 100 | J13: =J14 -> 409.8 | K13: =K14 -> 309.8 | L13: =L14 -> 309.8
A14: Расходы на выплаты персоналу государственных (муниципальных) органов | B14: 923 | C14: 01 | D14: 02 | E14: 65 | F14: 2 | G14: 00 | H14: 41150 | I14: 120 | J14: 409.8 | K14: 309.8 | L14: 309.8
A15: Функционирование Правительства Российской Федерации, высших органов исполнительной власти субъектов Российской Федерации, местных администраций | B15: 923 | C15: 01 | D15: 04 | J15: =J16+J21 -> 933.2 | K15: =K16+K21 -> 628.2 | L15: =L16+L21 -> 542.3
A16: Юстиция и профилактика правонарушений | B16: 923 | C16: 01 | D16: 04 | E16: 19 | F16: 2 | J16: =J17 -> 0.7 | K16: =K17 -> 0.7 | L16: =L17 -> 0.8
A17: Основное мероприятие "Обеспечение реализации государственных полномочий" | B17: 923 | C17: 01 | D17: 04 | E17: 19 | F17: 2 | G17: 03 | J17: =J18 -> 0.7 | K17: =K18 -> 0.7 | L17: =L18 -> 0.8
A18: Осуществление государственных полномочий Республики Мордовия по определению перечня должностных лиц, уполномоченных составлять протоколы об административных правонарушениях, предусмотренных Законом Республики Мордовия от 15 июня 2015 года №38-З "Об административной ответственности на территории Республики Мордовия" | B18: 923 | C18: 01 | D18: 04 | E18: 19 | F18: 2 | G18: 03 | H18: 77150 | J18: =J19 -> 0.7 | K18: =K19 -> 0.7 | L18: =L19 -> 0.8
A19: Закупка товаров, работ и услуг для обеспечения государственных (муниципальных) нужд | B19: 923 | C19: 01 | D19: 04 | E19: 19 | F19: 2 | G19: 03 | H19: 77150 | I19: 200 | J19: =J20 -> 0.7 | K19: =K20 -> 0.7 | L19: =L20 -> 0.8
A20: Иные закупки товаров, работ и услуг для обеспечения государственных (муниципальных) нужд | B20: 923 | C20: 01 | D20: 04 | E20: 19 | F20: 2 | G20: 03 | H20: 77150 | I20: 240 | J20: 0.7 | K20: 0.7 | L20: 0.8
A21: Обеспечение деятельности аппарата Администрации Мордовско-Полянского сельского поселения Зубово-Полянского муниципального района | B21: 923 | C21: 01 | D21: 04 | E21: 65 | J21: =J22 -> 932.5 | K21: =K22 -> 627.5 | L21: =L22 -> 541.5
A22: Обеспечение деятельности Администрации Мордовско-Полянского сельского поселения Зубово-Полянского муниципального района | B22: 923 | C22: 01 | D22: 04 | E22: 65 | F22: 1 | J22: =J23 -> 932.5 | K22: =K23 -> 627.5 | L22: =L23 -> 541.5
A23: Обеспечение деятельности аппарата администрации Мордовско-Полянского сельского поселения Зубово-Полянского муниципального района | B23: 923 | C23: 01 | D23: 04 | E23: 65 | F23: 1 | G23: 00 | J23: =J24+J27 -> 932.5 | K23: =K24+K27 -> 627.5 | L23: =L24+L27 -> 541.5
A24: Расходы на выплаты по оплате труда работников органов местного самоуправления | B24: 923 | C24: 01 | D24: 04 | E24: 65 | F24: 1 | G24: 00 | H24: 41110 | J24: =J25 -> 603.41 | K24: =K25 -> 576.4 | L24: =L25 -> 504
A25: Расходы на выплаты персоналу в целях обеспечения выполнения функций государственными (муниципальными) органами, казенными учреждениями, органами управления государственными внебюджетными фондами | B25: 923 | C25: 01 | D25: 04 | E25: 65 | F25: 1 | G25: 00 | H25: 41110 | I25: 100 | J25: =J26 -> 603.41 | K25: =K26 -> 576.4 | L25: =L26 -> 504
A26: Расходы на выплаты персоналу государственных (муниципальных)органов | B26: 923 | C26: 01 | D26: 04 | E26: 65 | F26: 1 | G26: 00 | H26: 41110 | I26: 120 | J26: 603.41 | K26: 576.4 | L26: 504
A27: Расходы на обеспечение функций органов местного самоуправления | B27: 923 | C27: 01 | D27: 04 | E27: 65 | F27: 1 | G27: 00 | H27: 41120 | J27: =J28+J30 -> 329.09 | K27: =K28+K30 -> 51.1 | L27: =L28+L30 -> 37.5
A28: Закупка товаров, работ и услуг для обеспечения государственных (муниципальных) нужд | B28: 923 | C28: 01 | D28: 04 | E28: 65 | F28: 1 | G28: 00 | H28: 41120 | I28: 200 | J28: =J29 -> 290.99 | K28: =K29 -> 13 | L28: =L29 -> 16.4
A29: Иные закупки товаров, работ и услуг для обеспечения государственных (муниципальных) нужд | B29: 923 | C29: 01 | D29: 04 | E29: 65 | F29: 1 | G29: 00 | H29: 41120 | I29: 240 | J29: 290.99 | K29: 13 | L29: 16.4
A30: Иные бюджетные ассигнования | B30: 923 | C30: 01 | D30: 04 | E30: 65 | F30: 1 | G30: 00 | H30: 41120 | I30: 800 | J30: =J31 -> 38.1 | K30: =K31 -> 38.1 | L30: =L31 -> 21.1
A31: Уплата налогов, сборов и иных платежей | B31: 923 | C31: 01 | D31: 04 | E31: 65 | F31: 1 | G31: 00 | H31: 41120 | I31: 850 | J31: 38.1 | K31: 38.1 | L31: 21.1
A32: Резервные фонды | B32: 923 | C32: 01 | D32: 11 | J32: =J33 -> 0 | K32: =K33 -> 1 | L32: =L33 -> 1
A33: Непрограмные расходы главных распорядителей бюджетных средств | B33: 923 | C33: 01 | D33: 11 | E33: 89 | J33: =J34 -> 0 | K33: =K34 -> 1 | L33: =L34 -> 1
A34: Непрограмные расходы в рамках обеспечения деятельности главных распорядителей бюджетных средств | B34: 923 | C34: 01 | D34: 11 | E34: 89 | F34: 1 | J34: =J35 -> 0 | K34: =K35 -> 1 | L34: =L35 -> 1
A35: Расходы, связанные с муниципальным управлением | B35: 923 | C35: 01 | D35: 11 | E35: 89 | F35: 1 | G35: 00 | H35: 41000 | J35: =J36 -> 0 | K35: =K36 -> 1 | L35: =L36 -> 1
A36: Резервные фонды Мордовско-Полянского сельского поселения Зубово-Полянского муниципального района | B36: 923 | C36: 01 | D36: 11 | E36: 89 | F36: 1 | G36: 00 | H36: 41180 | J36: =J37 -> 0 | K36: =K37 -> 1 | L36: =L37 -> 1
A37: Иные бюджетные ассигнования | B37: 923 | C37: 01 | D37: 11 | E37: 89 | F37: 1 | G37: 00 | H37: 41180 | I37: 800 | J37: =J38 -> 0 | K37: =K38 -> 1 | L37: =L38 -> 1
A38: Резервные средства | B38: 923 | C38: 01 | D38: 11 | E38: 89 | F38: 1 | G38: 00 | H38: 41180 | I38: 870 | J38: 0 | K38: 1 | L38: 1
A39: Национальная оборона | B39: 923 | C39: 02 | J39: =J40 -> 109.3 | K39: =K40 -> 114.4 | L39: =L40 -> 118.7
A40: Мобилизационная и вневойсковая подготовка | B40: 923 | C40: 02 | D40: 03 | J40: =J41 -> 109.3 | K40: =K44 -> 114.4 | L40: =L44 -> 118.7
A41: Муниципальная программа "Повышение эффективности управления муниципальными финансами до 2025 года" | B41: 923 | C41: 02 | D41: 03 | E41: 17 | J41: =J42 -> 109.3 | K41: =K42 -> 114.4 | L41: =L42 -> 118.7
A42: Подпрограмма "Повышение эффективности межбюджетных отношений" | B42: 923 | C42: 02 | D42: 03 | E42: 17 | F42: 3 | J42: =J43 -> 109.3 | K42: =K43 -> 114.4 | L42: =L43 -> 118.7
A43: Основное мероприятие "Обеспечение осуществления органами местного самоуправления отдельных государственных полномочий" | B43: 923 | C43: 02 | D43: 03 | E43: 17 | F43: 3 | G43: 02 | J43: =J44 -> 109.3 | K43: =K44 -> 114.4 | L43: =L44 -> 118.7
A44: Осуществление государственных полномочий Российской Федерации по первичному воинскому учету на территориях, где отсутсвуют военные комиссариаты | B44: 923 | C44: 02 | D44: 03 | E44: 17 | F44: 3 | G44: 02 | H44: 51180 | J44: =J45+J47 -> 109.3 | K44: =K45+K47 -> 114.4 | L44: =L45+L47 -> 118.7
A45: Расходы на выплаты персоналу в целях обеспечения выполнения функций государственными (муниципальными) органами, казенными учреждениями, органами управления государственными внебюджетными фондами | B45: 923 | C45: 02 | D45: 03 | E45: 17 | F45: 3 | G45: 02 | H45: 51180 | I45: 100 | J45: =J46 -> 101.5 | K45: =K46 -> 106.2 | L45: =L46 -> 110.3
A46: Расходы на выплаты персоналу государственных (муниципальных) органов | B46: 923 | C46: 02 | D46: 03 | E46: 17 | F46: 3 | G46: 02 | H46: 51180 | I46: 120 | J46: 101.5 | K46: 106.2 | L46: 110.3
A47: Закупка товаров, работ и услуг для обеспечения государственных (муниципальных) нужд | B47: 923 | C47: 02 | D47: 03 | E47: 17 | F47: 3 | G47: 02 | H47: 51180 | I47: 200 | J47: =J48 -> 7.8 | K47: =K48 -> 8.2 | L47: =L48 -> 8.4
A48: Иные закупки товаров, работ и услуг для обеспечения государственных (муниципальных) нужд | B48: 923 | C48: 02 | D48: 03 | E48: 17 | F48: 3 | G48: 02 | H48: 51180 | I48: 240 | J48: 7.8 | K48: 8.2 | L48: 8.4
A49: Национальная экономика | B49: 923 | C49: 04 | J49: =J50 -> 150 | K49: =K50 -> 150 | L49: =L50 -> 150
A50: Дорожное хозяйство | B50: 923 | C50: 04 | D50: О9 | J50: =J52 -> 150 | K50: =K52 -> 150 | L50: =L52 -> 150
A51: Программа Мордовско-Полянского сельского поселения Зубово-Полянского муниципального района Республики Мордовия "Развитие транспортной инфраструктуры" | B51: 923 | C51: 04 | D51: О9 | E51: 13 | F51: 1 | J51: =J52 -> 150 | K51: =K52 -> 150 | L51: =L52 -> 150
A52: Основное мероприятие "Развитие автомобильных дорог" | B52: 923 | C52: 04 | D52: О9 | E52: 13 | F52: 1 | G52: 01 | J52: =J53 -> 150 | K52: =K53 -> 150 | L52: =L53 -> 150
A53: Иные межбюджетные трансферты на осуществление полномочий по дорожной деятельности в отношении автомобильных дорог местного значения в границах населенных пунктов поселения и обеспечению безопасности дорожного движения на них, включая создание и обеспечение функционирования парковок (парковочных мест), осуществлению муниципального контроля за сохранностью автомобильных дорог местного значения в границах населенных пунктов поселения, организации дорожного движения, а также осуществлению иных полномочий в области использования автомобильных дорог и осуществления дорожной деятельности в соответствии с законодательством Российской Федерации | B53: 923 | C53: 04 | D53: О9 | E53: 13 | F53: 1 | G53: 01 | H53: 44102 | J53: =J54 -> 150 | K53: =K54 -> 150 | L53: =L54 -> 150
A54: Закупка товаров, работ и услуг для обеспечения государственных (муниципальных) нужд | B54: 923 | C54: 04 | D54: О9 | E54: 13 | F54: 1 | G54: 01 | H54: 44102 | I54: 200 | J54: =J55 -> 150 | K54: =K55 -> 150 | L54: =L55 -> 150
A55: Иные закупки товаров, работ и услуг для обеспечения государственных (муниципальных) нужд | B55: 923 | C55: 04 | D55: О9 | E55: 13 | F55: 1 | G55: 01 | H55: 44102 | I55: 240 | J55: 150 | K55: 150 | L55: 150
A56: Жилищно - коммунальное хозяйство | B56: 923 | C56: 05 | J56: =J57 -> 3094.87 | K56: =K57 -> 13.7 | L56: =L57 -> 20.2
A57: Благоустройство | B57: 923 | C57: 05 | D57: 03 | J57: =J58 -> 3094.87 | K57: =K58 -> 13.7 | L57: =L58 -> 20.2
A58: Непрограмные расходы главных распорядителей бюджетных средств | B58: 923 | C58: 05 | D58: 03 | E58: 89 | J58: =J59 -> 3094.87 | K58: =K59 -> 13.7 | L58: =L59 -> 20.2
A59: Непрограмные расходы в рамках обеспечения деятельности главных распорядителей бюджетных средств | B59: 923 | C59: 05 | D59: 03 | E59: 89 | F59: 1 | J59: =J60+J63 -> 3094.87 | K59: =K60+K63 -> 13.7 | L59: =L60+L63 -> 20.2
A60: Уличное освещение | B60: 923 | C60: 05 | D60: 03 | E60: 89 | F60: 1 | G60: 00 | H60: 43010 | J60: =J61 -> 85 | K60: =K61 -> 3.7 | L60: =L61 -> 10
A61: Закупка товаров, работ и услуг для обеспечения государственных (муниципальных) нужд | B61: 923 | C61: 05 | D61: 03 | E61: 89 | F61: 1 | G61: 00 | H61: 43010 | I61: 200 | J61: =J62 -> 85 | K61: =K62 -> 3.7 | L61: =L62 -> 10
A62: Иные закупки товаров, работ и услуг для обеспечения государственных (муниципальных) нужд | B62: 923 | C62: 05 | D62: 03 | E62: 89 | F62: 1 | G62: 00 | H62: 43010 | I62: 240 | J62: 85 | K62: 3.7 | L62: 10
A63: Прочие мероприятия по благоустройству | B63: 923 | C63: 05 | D63: 03 | E63: 89 | F63: 1 | G63: 00 | H63: 43040 | J63: =J64 -> 3009.87 | K63: =K64 -> 10 | L63: =L64 -> 10.2
A64: Закупка товаров, работ и услуг для обеспечения государственных (муниципальных) нужд | B64: 923 | C64: 05 | D64: 03 | E64: 89 | F64: 1 | G64: 00 | H64: 43040 | I64: 200 | J64: =J65 -> 3009.87 | K64: =K65 -> 10 | L64: =L65 -> 10.2
A65: Иные закупки товаров, работ и услуг для обеспечения государственных (муниципальных) нужд | B65: 923 | C65: 05 | D65: 03 | E65: 89 | F65: 1 | G65: 00 | H65: 43040 | I65: 240 | J65: =10+5.5+139.47+2830.4+24.5 -> 3009.87 | K65: 10 | L65: 10.2
A66: Социальная политика | B66: 923 | C66: 10 | J66: =J67 -> 211 | K66: =K67 -> 222.5 | L66: =L67 -> 231.5
A67: Пенсионное обеспечение | B67: 923 | C67: 10 | D67: О1 | J67: =J68 -> 211 | K67: =K68 -> 222.5 | L67: =L68 -> 231.5
A68: Непрограмные расходы главных распорядителей бюджетных средств | B68: 923 | C68: 10 | D68: О1 | E68: 89 | J68: =J69 -> 211 | K68: =K69 -> 222.5 | L68: =L69 -> 231.5
A69: Непрограмные расходы в рамках обеспечения деятельности главных распорядителей бюджетных средств | B69: 923 | C69: 10 | D69: О1 | E69: 89 | F69: 1 | J69: =J70 -> 211 | K69: =K70 -> 222.5 | L69: =L70 -> 231.5
A70: Доплаты к пенсиям муниципальных служащих Республики Мордовия | B70: 923 | C70: 10 | D70: О1 | E70: 89 | F70: 1 | G70: 00 | H70: 03010 | J70: =J71 -> 211 | K70: =K71 -> 222.5 | L70: =L71 -> 231.5
A71: Социальное обеспечение и иные выплаты населению населения | B71: 923 | C71: 10 | D71: О1 | E71: 89 | F71: 1 | G71: 00 | H71: 03010 | I71: 300 | J71: =J72 -> 211 | K71: =K72 -> 222.5 | L71: =L72 -> 231.5
A72: Публичные нормативные социальные выплаты гражданам | B72: 923 | C72: 10 | D72: О1 | E72: 89 | F72: 1 | G72: 00 | H72: 03010 | I72: 310 | J72: 211 | K72: 222.5 | L72: 231.5
A73: Обслуживание государственного (муниципального) долга | B73: 923 | C73: 13 | J73: =J74 -> 0 | K73: =K74 -> 1 | L73: =L74 -> 1
A74: Обслуживание государственного (муниципального) внутреннего долга | B74: 923 | C74: 13 | D74: О1 | J74: =J75 -> 0 | K74: =K75 -> 1 | L74: =L75 -> 1
A75: Муниципальная программа "Повышение эффективности управления муниципальными финансами до 2025 года" | B75: 923 | C75: 13 | D75: О1 | E75: 17 | J75: =J76 -> 0 | K75: =K76 -> 1 | L75: =L76 -> 1
A76: Подпрограмма "Эффективное использование бюджетного потенциала" | B76: 923 | C76: 13 | D76: О1 | E76: 17 | F76: 1 | J76: =J77 -> 0 | K76: =K77 -> 1 | L76: =L77 -> 1
A77: Процентные платежи по муниципальному долгу | B77: 923 | C77: 13 | D77: О1 | E77: 17 | F77: 1 | G77: 02 | H77: 41240 | J77: =J78 -> 0 | K77: =K78 -> 1 | L77: =L78 -> 1
A78: Обслуживание государственного (муниципального) долга | B78: 923 | C78: 13 | D78: О1 | E78: 17 | F78: 1 | G78: 02 | H78: 41240 | I78: 700 | J78: =J79 -> 0 | K78: =K79 -> 1 | L78: =L79 -> 1
A79: Обслуживание муниципального долга | B79: 923 | C79: 13 | D79: О1 | E79: 17 | F79: 1 | G79: 02 | H79: 41240 | I79: 730 | J79: 0 | K79: 1 | L79: 1
A80: Условно утвержденные расходы | B80: 923 | C80: 99 | D80: 99 | J80: =J81 -> 0 | K80: =K81 -> 34 | L80: =L81 -> 66
A81: Муниципальная программа "Повышение эффективности управления муниципальными финансами до 2025 года" | B81: 923 | C81: 99 | D81: 99 | E81: 17 | J81: =J82 -> 0 | K81: =K82 -> 34 | L81: =L82 -> 66
A82: Подпрограмма "Эффективное использование бюджетного потенциала" | B82: 923 | C82: 99 | D82: 99 | E82: 17 | F82: 1 | J82: =J83 -> 0 | K82: =K83 -> 34 | L82: =L83 -> 66
A83: Условно утвержденные расходы | B83: 923 | C83: 99 | D83: 99 | E83: 17 | F83: 1 | G83: 01 | H83: 41990 | J83: =J84 -> 0 | K83: =K84 -> 34 | L83: =L84 -> 66
A84: Иные бюджетные ассигнования | B84: 923 | C84: 99 | D84: 99 | E84: 17 | F84: 1 | G84: 01 | H84: 41990 | I84: 800 | J84: 0 | K84: =K85 -> 34 | L84: =L85 -> 66
A85: Резервные средства | B85: 923 | C85: 99 | D85: 99 | E85: 17 | F85: 1 | G85: 01 | H85: 41990 | I85: 870 | J85: 0 | K85: 34 | L85: 66

Sheet Приложение 3
H1: Приложение 3 к решению Совета депутатов Мордовско-Полянского сельского поселения Зубово-Полянского муниципального района Республики Мордовия «О внесении изменений и дополнений в бюджет Мордовско-Полянского сельского поселения Зубово-Полянского муниципального района Республики Мордовия на 2023 год и на плановый период 2024 и 2025 годы» № от 2023г
A2: РАСПРЕДЕЛЕНИЕ БЮДЖЕТНЫХ АССИГНОВАНИЙ БЮДЖЕТА МОРДОВСКО-ПОЛЯНСКОГО СЕЛЬСКОГО ПОСЕЛЕНИЯ ЗУБОВО-ПОЛЯНСКОГО МУНИЦИПАЛЬНОГО РАЙОНА РЕСПУБЛИКИ МОРДОВИЯ ПО РАЗДЕЛАМ, ПОДРАЗДЕЛАМ, ЦЕЛЕВЫМ СТАТЬЯМ (МУНИЦИПАЛЬНЫМ ПРОГРАММАМ И НЕПРОГРАММНЫМ НАПРАВЛЕНИЯМ ДЕЯТЕЛЬНОСТИ), ГРУППАМ И ПОДГРУППАМ ВИДОВ РАСХОДОВ КЛАССИФИКАЦИИ РАСХОДОВ БЮДЖЕТОВ НА 2023 ГОД И НА ПЛАНОВЫЙ ПЕРИОД 2024 И 2025 ГОДЫ
H3: (тыс. рублей)
A4: Наименование | B4: Рз | C4: Прз | D4: Цср | H4: Вр | I4: Сумма
I5: 2023 год | J5: 2024 год | K5: 2025 год
A6: 1 | B6: 2 | C6: 3 | D6: 4 | E6: 5 | F6: 6 | G6: 7 | H6: 8 | I6: 9 | J6: 10 | K6: 11
A7: ВСЕГО | I7: =I8+I38+I48+I55+I65+I72+I82 -> 4908.17 | J7: =J8+J38+J48+J55+J65+J72+J82 -> 1474.6 | K7: =K8+K38+K48+K55+K65+K72+K82 -> 1440.5
A8: Общегосударственные вопросы | B8: 01 | I8: =I9+I15+I31 -> 1343 | J8: =J9+J15+J31 -> 939 | K8: =K9+K15+K31 -> 853.1
A9: Функционирование главы администрации Мордовско-Полянского сельского поселения Зубово-Полянского муниципального района | B9: 01 | C9: 02 | I9: =I10 -> 409.8 | J9: =J10 -> 309.8 | K9: =K10 -> 309.8
A10: Обеспечение деятельности администрации Мордовско-Полянского сельского поселения Зубово-Полянского муниципального района | B10: 01 | C10: 02 | D10: 65 | I10: =I11 -> 409.8 | J10: =J11 -> 309.8 | K10: =K11 -> 309.8
A11: Обеспечение деятельности главы администрации Мордовско-Полянского сельского поселения Зубово-Полянского муниципального района | B11: 01 | C11: 02 | D11: 65 | E11: 2 | I11: =I12 -> 409.8 | J11: =J12 -> 309.8 | K11: =K12 -> 309.8
A12: Расходы на выплаты по оплате труда высшего должностного лица | B12: 01 | C12: 02 | D12: 65 | E12: 2 | F12: 00 | G12: 41150 | I12: =I14 -> 409.8 | J12: =J14 -> 309.8 | K12: =K14 -> 309.8
A13: Расходы на выплаты персоналу в целях обеспечения выполнения функций государственными (муниципальными) органами, казенными учреждениями, органами управления государственными внебюджетными фондами | B13: 01 | C13: 02 | D13: 65 | E13: 2 | F13: 00 | G13: 41150 | H13: 100 | I13: =I14 -> 409.8 | J13: =J14 -> 309.8 | K13: =K14 -> 309.8
A14: Расходы на выплаты персоналу государственных (муниципальных)органов | B14: 01 | C14: 02 | D14: 65 | E14: 2 | F14: 00 | G14: 41150 | H14: 120 | I14: ='Приложение 2'!J14 -> 409.8 | J14: ='Приложение 2'!K14 -> 309.8 | K14: ='Приложение 2'!L14 -> 309.8
A15: Функционирование Правительства Российской Федерации, высших органов исполнительной власти субъектов Российской Федерации, местных администраций | B15: 01 | C15: 04 | I15: =I16+I21 -> 933.2 | J15: =J16+J21 -> 628.2 | K15: =K16+K21 -> 542.3
A16: Юстиция и профилактика правонарушений | B16: 01 | C16: 04 | D16: 19 | E16: 2 | I16: =I17 -> 0.7 | J16: =J17 -> 0.7 | K16: =K17 -> 0.8
A17: Основное мероприятие "Обеспечение реализации государственных полномочий" | B17: 01 | C17: 04 | D17: 19 | E17: 2 | F17: 03 | I17: =I18 -> 0.7 | J17: =J18 -> 0.7 | K17: =K18 -> 0.8
A18: Осуществление государственных полномочий Республики Мордовия по определению перечня должностных лиц, уполномоченных составлять протоколы об административных правонарушениях, предусмотренных Законом Республики Мордовия от 15 июня 2015 года №38-З "Об административной ответственности на территории Республики Мордовия" | B18: 01 | C18: 04 | D18: 19 | E18: 2 | F18: 03 | G18: 77150 | I18: =I19 -> 0.7 | J18: =J19 -> 0.7 | K18: =K19 -> 0.8
A19: Закупка товаров, работ и услуг для обеспечения государственных (муниципальных) нужд | B19: 01 | C19: 04 | D19: 19 | E19: 2 | F19: 03 | G19: 77150 | H19: 200 | I19: =I20 -> 0.7 | J19: =J20 -> 0.7 | K19: =K20 -> 0.8
A20: Иные закупки товаров, работ и услуг для обеспечения государственных (муниципальных) нужд | B20: 01 | C20: 04 | D20: 19 | E20: 2 | F20: 03 | G20: 77150 | H20: 240 | I20: ='Приложение 2'!J20 -> 0.7 | J20: ='Приложение 2'!K20 -> 0.7 | K20: ='Приложение 2'!L20 -> 0.8
A21: Обеспечение деятельности администрации Мордовско-Полянского сельского поселения Зубово-Полянского муниципального района | B21: 01 | C21: 04 | D21: 65 | I21: =I22 -> 932.5 | J21: =J22 -> 627.5 | K21: =K22 -> 541.5
A22: Обеспечение деятельности аппарата администрации Мордовско-Полянского сельского поселения Зубово-Полянского муниципального района | B22: 01 | C22: 04 | D22: 65 | E22: 1 | I22: =I23+I27+I29 -> 932.5 | J22: =J23+J27+J29 -> 627.5 | K22: =K23+K27+K29 -> 541.5
A23: Расходы на выплаты по оплате труда работников органов местного самоуправления | B23: 01 | C23: 04 | D23: 65 | E23: 1 | F23: 00 | G23: 41110 | I23: =I24 -> 603.41 | J23: =J24 -> 576.4 | K23: =K24 -> 504
A24: Расходы на выплаты персоналу в целях обеспечения выполнения функций государственными (муниципальными) органами, казенными учреждениями, органами управления государственными внебюджетными фондами | B24: 01 | C24: 04 | D24: 65 | E24: 1 | F24: 00 | G24: 41110 | H24: 100 | I24: =I25 -> 603.41 | J24: =J25 -> 576.4 | K24: =K25 -> 504
A25: Расходы на выплаты персоналу государственных (муниципальных) органов | B25: 01 | C25: 04 | D25: 65 | E25: 1 | F25: 00 | G25: 41110 | H25: 120 | I25: ='Приложение 2'!J26 -> 603.41 | J25: ='Приложение 2'!K26 -> 576.4 | K25: ='Приложение 2'!L26 -> 504
A26: Расходы на обеспечение функций органов местного самоуправления | B26: 01 | C26: 04 | D26: 65 | E26: 1 | F26: 00 | G26: 41120 | I26: =I27+I29 -> 329.09 | J26: =J27+J29 -> 51.1 | K26: =K27+K29 -> 37.5
A27: Закупка товаров, работ и услуг для обеспечения государственных (муниципальных) нужд | B27: 01 | C27: 04 | D27: 65 | E27: 1 | F27: 00 | G27: 41120 | H27: 200 | I27: =I28 -> 290.99 | J27: =J28 -> 13 | K27: =K28 -> 16.4
A28: Иные закупки товаров, работ и услуг для обеспечения государственных (муниципальных) нужд | B28: 01 | C28: 04 | D28: 65 | E28: 1 | F28: 00 | G28: 41120 | H28: 240 | I28: ='Приложение 2'!J29 -> 290.99 | J28: ='Приложение 2'!K29 -> 13 | K28: ='Приложение 2'!L29 -> 16.4
A29: Иные бюджетные ассигнования | B29: 01 | C29: 04 | D29: 65 | E29: 1 | F29: 00 | G29: 41120 | H29: 800 | I29: =I30 -> 38.1 | J29: =J30 -> 38.1 | K29: =K30 -> 21.1
A30: Уплата налогов, сборов и иных платежей | B30: 01 | C30: 04 | D30: 65 | E30: 1 | F30: 00 | G30: 41120 | H30: 850 | I30: ='Приложение 2'!J31 -> 38.1 | J30: ='Приложение 2'!K31 -> 38.1 | K30: ='Приложение 2'!L31 -> 21.1
A31: Резервные фонды | B31: 01 | C31: 11 | I31: =I32 -> 0 | J31: =J32 -> 1 | K31: =K32 -> 1
A32: Непрограмные расходы главных распорядителей бюджетных средств | B32: 01 | C32: 11 | D32: 89 | I32: =I33 -> 0 | J32: =J33 -> 1 | K32: =K33 -> 1
A33: Непрограмные расходы в рамках обеспечения деятельности главных распорядителей бюджетных средств | B33: 01 | C33: 11 | D33: 89 | E33: 1 | I33: =I34 -> 0 | J33: =J34 -> 1 | K33: =K34 -> 1
A34: Расходы, связанные с муниципальным управлением | B34: 01 | C34: 11 | D34: 89 | E34: 1 | F34: 00 | G34: 41000 | I34: =I35 -> 0 | J34: =J35 -> 1 | K34: =K35 -> 1
A35: Резервные фонды Мордовско-Полянского сельского поселения Зубово-Полянского муниципального района | B35: 01 | C35: 11 | D35: 89 | E35: 1 | F35: 00 | G35: 41180 | I35: =I36 -> 0 | J35: =J36 -> 1 | K35: =K36 -> 1
A36: Иные бюджетные ассигнования | B36: 01 | C36: 11 | D36: 89 | E36: 1 | F36: 00 | G36: 41180 | H36: 800 | I36: =I37 -> 0 | J36: =J37 -> 1 | K36: =K37 -> 1
A37: Резервные средства | B37: 01 | C37: 11 | D37: 89 | E37: 1 | F37: 00 | G37: 41180 | H37: 870 | I37: ='Приложение 2'!J38 -> 0 | J37: ='Приложение 2'!K38 -> 1 | K37: ='Приложение 2'!L38 -> 1
A38: Национальная оборона | B38: 02 | I38: =I39 -> 109.3 | J38: =J39 -> 114.4 | K38: =K39 -> 118.7
A39: Мобилизационная и вневойсковая подготовка | B39: 02 | C39: 03 | I39: =I40 -> 109.3 | J39: =J40 -> 114.4 | K39: =K40 -> 118.7
A40: Муниципальная программа "Повышение эффективности управления муниципальными финансами до 2025 года" | B40: 02 | C40: 03 | D40: 17 | I40: =I41 -> 109.3 | J40: =J41 -> 114.4 | K40: =K41 -> 118.7
A41: Подпрограмма "Повышение эффективности межбюджетных отношений" | B41: 02 | C41: 03 | D41: 17 | E41: 3 | I41: =I42 -> 109.3 | J41: =J42 -> 114.4 | K41: =K42 -> 118.7
A42: Основное мероприятие "Обеспечение осуществления органами местного самоуправления отдельных государственных полномочий" | B42: 02 | C42: 03 | D42: 17 | E42: 3 | F42: 02 | I42: =I43 -> 109.3 | J42: =J43 -> 114.4 | K42: =K43 -> 118.7
A43: Осуществление государственных полномочий Российской Федерации по первичному воинскому учету на территориях, где отсутсвуют военные комиссариаты | B43: 02 | C43: 03 | D43: 17 | E43: 3 | F43: 02 | G43: 51180 | I43: =I44+I46 -> 109.3 | J43: =J44+J46 -> 114.4 | K43: =K44+K46 -> 118.7
A44: Расходы на выплаты персоналу в целях обеспечения выполнения функций государственными (муниципальными) органами, казенными учреждениями, органами управления государственными внебюджетными фондами | B44: 02 | C44: 03 | D44: 17 | E44: 3 | F44: 02 | G44: 51180 | H44: 100 | I44: =I45 -> 101.5 | J44: =J45 -> 106.2 | K44: =K45 -> 110.3
A45: Расходы на выплаты персоналу государственных (муниципальных) органов | B45: 02 | C45: 03 | D45: 17 | E45: 3 | F45: 02 | G45: 51180 | H45: 120 | I45: ='Приложение 2'!J46 -> 101.5 | J45: ='Приложение 2'!K46 -> 106.2 | K45: ='Приложение 2'!L46 -> 110.3
A46: Закупка товаров, работ и услуг для обеспечения государственных (муниципальных) нужд | B46: 02 | C46: 03 | D46: 17 | E46: 3 | F46: 02 | G46: 51180 | H46: 200 | I46: =I47 -> 7.8 | J46: =J47 -> 8.2 | K46: =K47 -> 8.4
A47: Иные закупки товаров, работ и услуг для обеспечения государственных (муниципальных) нужд | B47: 02 | C47: 03 | D47: 17 | E47: 3 | F47: 02 | G47: 51180 | H47: 240 | I47: ='Приложение 2'!J48 -> 7.8 | J47: ='Приложение 2'!K48 -> 8.2 | K47: ='Приложение 2'!L48 -> 8.4
A48: Национальная экономика | B48: 04 | I48: =I49 -> 150 | J48: =J49 -> 150 | K48: =K49 -> 150
A49: Дорожное хозяйство | B49: 04 | C49: О9 | I49: =I51 -> 150 | J49: =J51 -> 150 | K49: =K51 -> 150
A50: Программа Мордовско-Полянского сельского поселения Зубово-Полянского муниципального района Республики Мордовия "Развитие транспортной инфраструктуры" | B50: 04 | C50: О9 | D50: 13 | E50: 1 | I50: =I51 -> 150 | J50: =J51 -> 150 | K50: =K51 -> 150
A51: Основное мероприятие "Развитие автомобильных дорог" | B51: 04 | C51: О9 | D51: 13 | E51: 1 | F51: 01 | I51: =I52 -> 150 | J51: =J52 -> 150 | K51: =K52 -> 150
A52: Иные межбюджетные трансферты на осуществление полномочий по дорожной деятельности в отношении автомобильных дорог местного значения в границах населенных пунктов поселения и обеспечению безопасности дорожного движения на них, включая создание и обеспечение функционирования парковок (парковочных мест), осуществлению муниципального контроля за сохранностью автомобильных дорог местного значения в границах населенных пунктов поселения, организации дорожного движения, а также осуществлению иных полномочий в области использования автомобильных дорог и осуществления дорожной деятельности в соответствии с законодательством Российской Федерации | B52: 04 | C52: О9 | D52: 13 | E52: 1 | F52: 01 | G52: 44102 | I52: =I53 -> 150 | J52: =J53 -> 150 | K52: =K53 -> 150
A53: Закупка товаров, работ и услуг для обеспечения государственных (муниципальных) нужд | B53: 04 | C53: О9 | D53: 13 | E53: 1 | F53: 01 | G53: 44102 | H53: 200 | I53: =I54 -> 150 | J53: =J54 -> 150 | K53: =K54 -> 150
A54: Иные закупки товаров, работ и услуг для обеспечения государственных (муниципальных) нужд | B54: 04 | C54: О9 | D54: 13 | E54: 1 | F54: 01 | G54: 44102 | H54: 240 | I54: 150 | J54: 150 | K54: 150
A55: Жилищно - коммунальное хозяйство | B55: 05 | I55: =I56 -> 3094.87 | J55: =J56 -> 13.7 | K55: =K56 -> 20.2
A56: Благоустройство | B56: 05 | C56: 03 | I56: =I57 -> 3094.87 | J56: =J57 -> 13.7 | K56: =K57 -> 20.2
A57: Непрограмные расходы главных распорядителей бюджетных средств | B57: 05 | C57: 03 | D57: 89 | I57: =I58 -> 3094.87 | J57: =J58 -> 13.7 | K57: =K58 -> 20.2
A58: Непрограмные расходы в рамках обеспечения деятельности главных распорядителей бюджетных средств | B58: 05 | C58: 03 | D58: 89 | E58: 1 | I58: =I59+I62 -> 3094.87 | J58: =J59+J62 -> 13.7 | K58: =K59+K62 -> 20.2
A59: Уличное освещение | B59: 05 | C59: 03 | D59: 89 | E59: 1 | F59: 00 | G59: 43010 | I59: =I60 -> 85 | J59: =J60 -> 3.7 | K59: =K60 -> 10
A60: Закупка товаров, работ и услуг для обеспечения государственных (муниципальных) нужд | B60: 05 | C60: 03 | D60: 89 | E60: 1 | F60: 00 | G60: 43010 | H60: 200 | I60: =I61 -> 85 | J60: =J61 -> 3.7 | K60: =K61 -> 10
A61: Иные закупки товаров, работ и услуг для обеспечения государственных (муниципальных) нужд | B61: 05 | C61: 03 | D61: 89 | E61: 1 | F61: 00 | G61: 43010 | H61: 240 | I61: ='Приложение 2'!J62 -> 85 | J61: ='Приложение 2'!K62 -> 3.7 | K61: ='Приложение 2'!L62 -> 10
A62: Прочие мероприятия по благоустройству | B62: 05 | C62: 03 | D62: 89 | E62: 1 | F62: 00 | G62: 43040 | I62: =I63 -> 3009.87 | J62: =J63 -> 10 | K62: =K63 -> 10.2
A63: Закупка товаров, работ и услуг для обеспечения государственных (муниципальных) нужд | B63: 05 | C63: 03 | D63: 89 | E63: 1 | F63: 00 | G63: 43040 | H63: 200 | I63: =I64 -> 3009.87 | J63: =J64 -> 10 | K63: =K64 -> 10.2
A64: Иные закупки товаров, работ и услуг для обеспечения государственных (муниципальных) нужд | B64: 05 | C64: 03 | D64: 89 | E64: 1 | F64: 00 | G64: 43040 | H64: 240 | I64: ='Приложение 2'!J65 -> 3009.87 | J64: ='Приложение 2'!K65 -> 10 | K64: ='Приложение 2'!L65 -> 10.2
A65: Социальная политика | B65: 10 | I65: =I66 -> 211 | J65: =J66 -> 222.5 | K65: =K66 -> 231.5
A66: Пенсионное обеспечение | B66: 10 | C66: О1 | I66: =I67 -> 211 | J66: =J67 -> 222.5 | K66: =K67 -> 231.5
A67: Непрограмные расходы главных распорядителей бюджетных средств | B67: 10 | C67: О1 | D67: 89 | I67: =I68 -> 211 | J67: =J68 -> 222.5 | K67: =K68 -> 231.5
A68: Непрограмные расходы в рамках обеспечения деятельности главных распорядителей бюджетных средств | B68: 10 | C68: О1 | D68: 89 | E68: 1 | I68: =I69 -> 211 | J68: =J69 -> 222.5 | K68: =K69 -> 231.5
A69: Доплаты к пенсиям муниципальных служащих Республики Мордовия | B69: 10 | C69: О1 | D69: 89 | E69: 1 | F69: 00 | G69: 03010 | I69: =I70 -> 211 | J69: =J70 -> 222.5 | K69: =K70 -> 231.5
A70: Социальное обеспечение и иные выплаты населению населения | B70: 10 | C70: О1 | D70: 89 | E70: 1 | F70: 00 | G70: 03010 | H70: 300 | I70: =I71 -> 211 | J70: =J71 -> 222.5 | K70: =K71 -> 231.5
A71: Публичные нормативные социальные выплаты гражданам | B71: 10 | C71: О1 | D71: 89 | E71: 1 | F71: 00 | G71: 03010 | H71: 310 | I71: ='Приложение 2'!J72 -> 211 | J71: ='Приложение 2'!K72 -> 222.5 | K71: ='Приложение 2'!L72 -> 231.5
A72: Обслуживание государственного (муниципального) долга | B72: 13 | I72: =I73 -> 0 | J72: =J73 -> 1 | K72: =K73 -> 1
A73: Обслуживание государственного (муниципального) внутреннего долга | B73: 13 | C73: 01 | I73: =I74 -> 0 | J73: =J74 -> 1 | K73: =K74 -> 1
A74: Муниципальная программа "Повышение эффективности управления муниципальными финансами до 2025 года" | B74: 13 | C74: О1 | D74: 17 | I74: =I75 -> 0 | J74: =J75 -> 1 | K74: =K75 -> 1
A75: Подпрограмма "Эффективное использование бюджетного потенциала" | B75: 13 | C75: О1 | D75: 17 | E75: 1 | I75: =I76 -> 0 | J75: =J76 -> 1 | K75: =K76 -> 1
A76: Процентные платежи по муниципальному долгу | B76: 13 | C76: О1 | D76: 17 | E76: 1 | F76: 02 | G76: 41240 | I76: =I77 -> 0 | J76: =J77 -> 1 | K76: =K77 -> 1
A77: Обслуживание государственного (муниципального) долга | B77: 13 | C77: О1 | D77: 17 | E77: 1 | F77: 02 | G77: 41240 | H77: 700 | I77: =I78 -> 0 | J77: =J78 -> 1 | K77: =K78 -> 1
A78: Обслуживание муниципального долга | B78: 13 | C78: О1 | D78: 17 | E78: 1 | F78: 02 | G78: 41240 | H78: 730 | I78: ='Приложение 2'!J79 -> 0 | J78: ='Приложение 2'!K79 -> 1 | K78: ='Приложение 2'!L79 -> 1
A79: Условно утвержденные расходы | B79: 99 | C79: 99 | I79: =I80 -> 0 | J79: =J80 -> 34 | K79: =K80 -> 66
A80: Муниципальная программа "Повышение эффективности управления муниципальными финансами до 2025 года" | B80: 99 | C80: 99 | D80: 17 | I80: =I81 -> 0 | J80: =J81 -> 34 | K80: =K81 -> 66
A81: Подпрограмма "Эффективное использование бюджетного потенциала" | B81: 99 | C81: 99 | D81: 17 | E81: 1 | I81: =I82 -> 0 | J81: =J82 -> 34 | K81: =K82 -> 66
A82: Условно утвержденные расходы | B82: 99 | C82: 99 | D82: 17 | E82: 1 | F82: 01 | G82: 41990 | I82: =I83 -> 0 | J82: =J83 -> 34 | K82: =K83 -> 66
A83: Иные бюджетные ассигнования | B83: 99 | C83: 99 | D83: 17 | E83: 1 | F83: 01 | G83: 41990 | H83: 800 | I83: 0 | J83: =J84 -> 34 | K83: =K84 -> 66
A84: Резервные средства | B84: 99 | C84: 99 | D84: 17 | E84: 1 | F84: 01 | G84: 41990 | H84: 870 | I84: ='Приложение 2'!J85 -> 0 | J84: ='Приложение 2'!K85 -> 34 | K84: ='Приложение 2'!L85 -> 66

Sheet Приложение 4
I1: Приложение 4 к решению Совета депутатов Мордовско-Полянского сельского поселения Зубово-Полянского муниципального района Республики Мордовия «О внесении изменений и дополнений в бюджет Мордовско-Полянского сельского поселения Зубово-Полянского муниципального района Республики Мордовия на 2023 год и на плановый период 2024 и 2025 годы» № от 2023 г
A2: РАСПРЕДЕЛЕНИЕ БЮДЖЕТНЫХ АССИГНОВАНИЙ БЮДЖЕТА МОРДОВСКО-ПОЛЯНСКОГО СЕЛЬСКОГО ПОСЕЛЕНИЯ ЗУБОВО-ПОЛЯНСКОГО МУНИЦИПАЛЬНОГО РАЙОНА РЕСПУБЛИКИ МОРДОВИЯ ПО ЦЕЛЕВЫМ СТАТЬЯМ (МУНИЦИПАЛЬНЫМ ПРОГРАММАМ И НЕПРОГРАММНЫМ НАПРАВЛЕНИЯМ ДЕЯТЕЛЬНОСТИ), ГРУППАМ И ПОДГРУППАМ ВИДОВ РАСХОДОВ, РАЗДЕЛАМ И ПОДРАЗДЕЛАМ КЛАССИФИКАЦИИ РАСХОДОВ БЮДЖЕТОВ НА 2023 ГОД И НА ПЛАНОВЫЙ ПЕРИОД 2024 И 2025 ГОДЫ
I3: (тыс. рублей)
A4: Наименование | B4: Цср | F4: ВР | G4: Рз | H4: Прз | I4: Адм | J4: Сумма
J5: 2023 год | K5: 2024 год | L5: 2025 год
A6: 1 | B6: 2 | C6: 3 | D6: 4 | E6: 5 | F6: 6 | G6: 7 | H6: 8 | I6: 9 | J6: 10 | K6: 11 | L6: 12
A7: ВСЕГО | J7: =J8 -> 4908.17 | K7: =K8 -> 1474.6 | L7: =L8 -> 1440.5
A8: Администрация Мордовско-Полянского сельского поселения Зубово-Полянского муниципального района Республики Мордовия | J8: =J9+J17+J45+J53+J80 -> 4908.17 | K8: =K9+K17+K45+K53+K80 -> 1474.6 | L8: =L9+L17+L45+L53+L80 -> 1440.5
A9: Программа Мордовско-Полянского сельского поселения Зубово-Полянского муниципального района Республики Мордовия "Развитие транспортной инфраструктуры" | B9: 13 | J9: =J10 -> 150 | K9: =K10 -> 150 | L9: =L10 -> 150
A10: Основное мероприятие "Развитие автомобильных дорог" | B10: 13 | C10: 0 | D10: 01 | J10: =J11 -> 150 | K10: =K11 -> 150 | L10: =L11 -> 150
A11: Иные межбюджетные трансферты на осуществление полномочий по дорожной деятельности в отношении автомобильных дорог местного значения в границах населенных пунктов поселения и обеспечению безопасности дорожного движения на них, включая создание и обеспечение функционирования парковок (парковочных мест), осуществлению муниципального контроля за сохранностью автомобильных дорог местного значения в границах населенных пунктов поселения, организации дорожного движения, а также осуществлению иных полномочий в области использования автомобильных дорог и осуществления дорожной деятельности в соответствии с законодательством Российской Федерации | B11: 13 | C11: 0 | D11: 01 | E11: 42510 | J11: =J12 -> 150 | K11: =K12 -> 150 | L11: =L12 -> 150
A12: Закупка товаров, работ и услуг для обеспечения государственных (муниципальных) нужд | B12: 13 | C12: 0 | D12: 01 | E12: 42510 | F12: 200 | J12: =J13 -> 150 | K12: =K13 -> 150 | L12: =L13 -> 150
A13: Иные закупки товаров, работ и услуг для обеспечения государственных (муниципальных) нужд | B13: 13 | C13: 0 | D13: 01 | E13: 42510 | F13: 240 | J13: =J14 -> 150 | K13: =K14 -> 150 | L13: =L14 -> 150
A14: Национальная экономика | B14: 13 | C14: 0 | D14: 01 | E14: 42510 | F14: 240 | G14: 04 | J14: =J15 -> 150 | K14: =K15 -> 150 | L14: =L15 -> 150
A15: Дорожное хозяйство | B15: 13 | C15: 0 | D15: 01 | E15: 42510 | F15: 240 | G15: 04 | H15: 09 | J15: =J16 -> 150 | K15: =K16 -> 150 | L15: =L16 -> 150
A16: Администрация Мордовско-Полянского сельского поселения Зубово-Полянского муниципального района Республики Мордовия | B16: 13 | C16: 0 | D16: 01 | E16: 42510 | F16: 240 | G16: 04 | H16: 09 | I16: 923 | J16: ='Приложение 2'!J55 -> 150 | K16: ='Приложение 2'!K55 -> 150 | L16: ='Приложение 2'!L55 -> 150
A17: Муниципальная программа "Повышение эффективности управления муниципальными финансами до 2025 года" | B17: 17 | J17: =J18+J32 -> 109.3 | K17: =K18+K32 -> 149.4 | L17: =L18+L32 -> 185.7
A18: Подпрограмма "Эффективное использование бюджетного потенциала" | B18: 17 | C18: 1 | J18: =J19+J26 -> 0 | K18: =K19+K26 -> 35 | L18: =L19+L26 -> 67
A19: Основное мероприятие "Совершенствование бюджетного процесса,процедуры формирования и исполнения бюджета" | B19: 17 | C19: 1 | D19: 01 | J19: =J20 -> 0 | K19: =K20 -> 34 | L19: =L20 -> 66
A20: Условно утвержденные расходы | B20: 17 | C20: 1 | D20: 01 | E20: 41990 | J20: =J21 -> 0 | K20: =K21 -> 34 | L20: =L21 -> 66
A21: Иные бюджетные ассигнования | B21: 17 | C21: 1 | D21: 01 | E21: 41990 | F21: 800 | J21: =J22 -> 0 | K21: =K22 -> 34 | L21: =L22 -> 66
A22: Резервные средства | B22: 17 | C22: 1 | D22: 01 | E22: 41990 | F22: 870 | J22: =J23 -> 0 | K22: =K23 -> 34 | L22: =L23 -> 66
A23: Условно утвержденные расходы | B23: 17 | C23: 1 | D23: 01 | E23: 41990 | F23: 870 | G23: 99 | J23: =J24 -> 0 | K23: =K24 -> 34 | L23: =L24 -> 66
A24: Условно утвержденные расходы | B24: 17 | C24: 1 | D24: 01 | E24: 41990 | F24: 870 | G24: 99 | H24: 99 | J24: =J25 -> 0 | K24: =K25 -> 34 | L24: =L25 -> 66
A25: Администрация Мордовско-Полянского сельского поселения Зубово-Полянского муниципального района Республики Мордовия | B25: 17 | C25: 1 | D25: 01 | E25: 41990 | F25: 870 | G25: 99 | H25: 99 | I25: 923 | J25: ='Приложение 3'!I84 -> 0 | K25: ='Приложение 3'!J84 -> 34 | L25: ='Приложение 3'!K84 -> 66
A26: Процентные платежи по муниципальному долгу | B26: 17 | C26: 1 | D26: 02 | E26: 41240 | J26: =J27 -> 0 | K26: =K27 -> 1 | L26: =L27 -> 1
A27: Обслуживание государственного (муниципального) долга | B27: 17 | C27: 1 | D27: 02 | E27: 41240 | F27: 700 | J27: =J28 -> 0 | K27: =K28 -> 1 | L27: =L28 -> 1
A28: Обслуживание муниципального долга | B28: 17 | C28: 1 | D28: 02 | E28: 41240 | F28: 730 | J28: =J29 -> 0 | K28: =K29 -> 1 | L28: =L29 -> 1
A29: Обслуживание государственного (муниципального) долга | B29: 17 | C29: 1 | D29: 02 | E29: 41240 | F29: 730 | G29: 13 | J29: =J30 -> 0 | K29: =K30 -> 1 | L29: =L30 -> 1
A30: Обслуживание государственного (муниципального) внутреннего долга | B30: 17 | C30: 1 | D30: 02 | E30: 41240 | F30: 730 | G30: 13 | H30: 01 | J30: =J31 -> 0 | K30: =K31 -> 1 | L30: =L31 -> 1
A31: Администрация Мордовско-Полянского сельского поселения Зубово-Полянского муниципального района Республики Мордовия | B31: 17 | C31: 1 | D31: 02 | E31: 41240 | F31: 730 | G31: 13 | H31: 01 | I31: 923 | J31: ='Приложение 2'!J79 -> 0 | K31: ='Приложение 2'!K79 -> 1 | L31: ='Приложение 2'!L79 -> 1
A32: Подпрограмма "Повышение эффективности межбюджетных отношений" | B32: 17 | C32: 3 | J32: =J33 -> 109.3 | K32: =K33 -> 114.4 | L32: =L33 -> 118.7
A33: Основное мероприятие "Обеспечение осуществления органами местного самоуправления отдельных государственных полномочий" | B33: 17 | C33: 3 | D33: 02 | J33: =J34 -> 109.3 | K33: =K34 -> 114.4 | L33: =L34 -> 118.7
A34: Осуществление государственных полномочий Российской Федерации по первичному воинскому учету на территориях, где отсутсвуют военные комиссариаты | B34: 17 | C34: 3 | D34: 02 | E34: 51180 | J34: =J35 -> 109.3 | K34: =K35 -> 114.4 | L34: =L35 -> 118.7
A35: Расходы на выплаты персоналу в целях обеспечения выполнения функций государственными (муниципальными) органами, казенными учреждениями, органами управления государственными внебюджетными фондами | B35: 17 | C35: 3 | D35: 02 | E35: 51180 | F35: 100 | J35: =J36+J40 -> 109.3 | K35: =K36+K40 -> 114.4 | L35: =L36+L40 -> 118.7
A36: Расходы на выплаты персоналу государственных (муниципальных) органов | B36: 17 | C36: 3 | D36: 02 | E36: 51180 | F36: 120 | J36: =J37 -> 101.5 | K36: =K37 -> 106.2 | L36: =L37 -> 110.3
A37: Национальная оборона | B37: 17 | C37: 3 | D37: 02 | E37: 51180 | F37: 120 | G37: 02 | J37: =J38 -> 101.5 | K37: =K38 -> 106.2 | L37: =L38 -> 110.3
A38: Мобилизационная и вневойсковая подготовка | B38: 17 | C38: 3 | D38: 02 | E38: 51180 | F38: 120 | G38: 02 | H38: 03 | J38: =J39 -> 101.5 | K38: =K39 -> 106.2 | L38: =L39 -> 110.3
A39: Администрация Мордовско-Полянского сельского поселения Зубово-Полянского муниципального района Республики Мордовия | B39: 17 | C39: 3 | D39: 02 | E39: 51180 | F39: 120 | G39: 02 | H39: 03 | I39: 923 | J39: ='Приложение 2'!J46 -> 101.5 | K39: ='Приложение 2'!K46 -> 106.2 | L39: ='Приложение 2'!L46 -> 110.3
A40: Закупка товаров, работ и услуг для обеспечения государственных (муниципальных) нужд | B40: 17 | C40: 3 | D40: 02 | E40: 51180 | F40: 200 | J40: =J41 -> 7.8 | K40: =K41 -> 8.2 | L40: =L41 -> 8.4
A41: Иные закупки товаров, работ и услуг для обеспечения государственных (муниципальных) нужд | B41: 17 | C41: 3 | D41: 02 | E41: 51180 | F41: 240 | J41: =J42 -> 7.8 | K41: =K42 -> 8.2 | L41: =L42 -> 8.4
A42: Национальная оборона | B42: 17 | C42: 3 | D42: 02 | E42: 51180 | F42: 240 | G42: 02 | J42: =J43 -> 7.8 | K42: =K43 -> 8.2 | L42: =L43 -> 8.4
A43: Мобилизационная и вневойсковая подготовка | B43: 17 | C43: 3 | D43: 02 | E43: 51180 | F43: 240 | G43: 02 | H43: 03 | J43: =J44 -> 7.8 | K43: =K44 -> 8.2 | L43: =L44 -> 8.4
A44: Администрация Мордовско-Полянского сельского поселения Зубово-Полянского муниципального района Республики Мордовия | B44: 17 | C44: 3 | D44: 02 | E44: 51180 | F44: 240 | G44: 02 | H44: 03 | I44: 923 | J44: ='Приложение 2'!J48 -> 7.8 | K44: ='Приложение 2'!K48 -> 8.2 | L44: ='Приложение 2'!L48 -> 8.4
A45: Юстиция и профилактика правонарушений | B45: 19 | C45: 2 | J45: =J46 -> 0.7 | K45: =K46 -> 0.7 | L45: =L46 -> 0.8
A46: Основное мероприятие "Обеспечение реализации государственных полномочий" | B46: 19 | C46: 2 | D46: 03 | J46: =J47 -> 0.7 | K46: =K47 -> 0.7 | L46: =L47 -> 0.8
A47: Осуществление государственных полномочий Республики Мордовия по определению перечня должностных лиц, уполномоченных составлять протоколы об административных правонарушениях, предусмотренных Законом Республики Мордовия от 15 июня 2015 года №38-З "Об административной ответственности на территории Республики Мордовия" | B47: 19 | C47: 2 | D47: 03 | E47: 77150 | J47: =J48 -> 0.7 | K47: =K48 -> 0.7 | L47: =L48 -> 0.8
A48: Закупка товаров, работ и услуг для обеспечения государственных (муниципальных) нужд | B48: 19 | C48: 2 | D48: 03 | E48: 77150 | F48: 200 | J48: =J49 -> 0.7 | K48: =K49 -> 0.7 | L48: =L49 -> 0.8
A49: Иные закупки товаров, работ и услуг для обеспечения государственных (муниципальных) нужд | B49: 19 | C49: 2 | D49: 03 | E49: 77150 | F49: 240 | J49: =J50 -> 0.7 | K49: =K50 -> 0.7 | L49: =L50 -> 0.8
A50: Общегосударственные вопросы | B50: 19 | C50: 2 | D50: 03 | E50: 77150 | F50: 240 | G50: 01 | J50: =J51 -> 0.7 | K50: =K51 -> 0.7 | L50: =L51 -> 0.8
A51: Функционирование Правительства Российской Федерации, высших органов исполнительной власти субъектов Российской Федерации, местных администраций | B51: 19 | C51: 2 | D51: 03 | E51: 77150 | F51: 240 | G51: 01 | H51: 04 | J51: =J52 -> 0.7 | K51: =K52 -> 0.7 | L51: =L52 -> 0.8
A52: Администрация Мордовско-Полянского сельского поселения Зубово-Полянского муниципального района Республики Мордовия | B52: 19 | C52: 2 | D52: 03 | E52: 77150 | F52: 240 | G52: 01 | H52: 04 | I52: 923 | J52: ='Приложение 2'!J20 -> 0.7 | K52: ='Приложение 2'!K20 -> 0.7 | L52: ='Приложение 2'!L20 -> 0.8
A53: Обеспечение деятельности администрации Мордовско-Полянского сельского поселения Зубово-Полянского муниципального района | B53: 65 | J53: =J54+J73 -> 1342.3 | K53: =K54+K73 -> 937.3 | L53: =L54+L73 -> 851.3
A54: Обеспечение деятельности аппарата администрации Мордовско-Полянского сельского поселения Зубово-Полянского муниципального района | B54: 65 | C54: 1 | J54: =J55 -> 932.5 | K54: =K55 -> 627.5 | L54: =L55 -> 541.5
A55: Обеспечение деятельности органов местного самоуправления | B55: 65 | C55: 1 | D55: 00 | J55: =J56+J63 -> 932.5 | K55: =K56+K63 -> 627.5 | L55: =L56+L63 -> 541.5
A56: Расходы на выплаты по оплате труда работников органов местного самоуправления | B56: 65 | C56: 1 | D56: 00 | E56: 41110 | J56: =J57 -> 603.41 | K56: =K57 -> 576.4 | L56: =L57 -> 504
A57: Расходы на выплаты персоналу в целях обеспечения выполнения функций государственными (муниципальными) органами, казенными учреждениями, органами управления государственными внебюджетными фондами | B57: 65 | C57: 1 | D57: 00 | E57: 41110 | F57: 100 | J57: =J58 -> 603.41 | K57: =K58 -> 576.4 | L57: =L58 -> 504
A58: Расходы на выплаты персоналу государственных (муниципальных)органов | B58: 65 | C58: 1 | D58: 00 | E58: 41110 | F58: 120 | J58: =J59 -> 603.41 | K58: =K59 -> 576.4 | L58: =L59 -> 504
A59: Общегосударственные вопросы | B59: 65 | C59: 1 | D59: 00 | E59: 41110 | F59: 120 | G59: 01 | J59: =J60 -> 603.41 | K59: =K60 -> 576.4 | L59: =L60 -> 504
A60: Функционирование Правительства Российской Федерации, высших органов исполнительной власти субъектов Российской Федерации, местных администраций | B60: 65 | C60: 1 | D60: 00 | E60: 41110 | F60: 120 | G60: 01 | H60: 04 | J60: =J61 -> 603.41 | K60: =K61 -> 576.4 | L60: =L61 -> 504
A61: Администрация Мордовско-Полянского сельского поселения Зубово-Полянского муниципального района Республики Мордовия | B61: 65 | C61: 1 | D61: 00 | E61: 41110 | F61: 120 | G61: 01 | H61: 04 | I61: 923 | J61: ='Приложение 2'!J26 -> 603.41 | K61: ='Приложение 2'!K26 -> 576.4 | L61: ='Приложение 2'!L26 -> 504
A62: Расходы на обеспечение функций органов местного самоуправления | B62: 65 | C62: 1 | D62: 00 | E62: 41120 | J62: =J63 -> 329.09 | K62: =K63 -> 51.1 | L62: =L63 -> 37.5
A63: Закупка товаров, работ и услуг для обеспечения государственных (муниципальных) нужд | B63: 65 | C63: 1 | D63: 00 | E63: 41120 | F63: 200 | J63: =J64+J68 -> 329.09 | K63: =K64+K68 -> 51.1 | L63: =L64+L68 -> 37.5
A64: Иные закупки товаров, работ и услуг для обеспечения государственных (муниципальных) нужд | B64: 65 | C64: 1 | D64: 00 | E64: 41120 | F64: 240 | J64: =J65 -> 290.99 | K64: =K65 -> 13 | L64: =L65 -> 16.4
A65: Общегосударственные вопросы | B65: 65 | C65: 1 | D65: 00 | E65: 41120 | F65: 240 | G65: 01 | J65: =J66 -> 290.99 | K65: =K66 -> 13 | L65: =L66 -> 16.4
A66: Функционирование Правительства Российской Федерации, высших органов исполнительной власти субъектов Российской Федерации, местных администраций | B66: 65 | C66: 1 | D66: 00 | E66: 41120 | F66: 240 | G66: 01 | H66: 04 | J66: =J67 -> 290.99 | K66: =K67 -> 13 | L66: =L67 -> 16.4
A67: Администрация Мордовско-Полянского сельского поселения Зубово-Полянского муниципального района Республики Мордовия | B67: 65 | C67: 1 | D67: 00 | E67: 41120 | F67: 240 | G67: 01 | H67: 04 | I67: 923 | J67: ='Приложение 2'!J29 -> 290.99 | K67: ='Приложение 2'!K29 -> 13 | L67: ='Приложение 2'!L29 -> 16.4
A68: Иные бюджетные ассигнования | B68: 65 | C68: 1 | D68: 00 | E68: 41120 | F68: 800 | J68: =J69 -> 38.1 | K68: =K69 -> 38.1 | L68: =L69 -> 21.1
A69: Уплата налогов, сборов и иных платежей | B69: 65 | C69: 1 | D69: 00 | E69: 41120 | F69: 850 | J69: =J70 -> 38.1 | K69: =K70 -> 38.1 | L69: =L70 -> 21.1
A70: Общегосударственные вопросы | B70: 65 | C70: 1 | D70: 00 | E70: 41120 | F70: 850 | G70: 01 | J70: =J71 -> 38.1 | K70: =K71 -> 38.1 | L70: =L71 -> 21.1
A71: Функционирование Правительства Российской Федерации, высших органов исполнительной власти субъектов Российской Федерации, местных администраций | B71: 65 | C71: 1 | D71: 00 | E71: 41120 | F71: 850 | G71: 01 | H71: 04 | J71: =J72 -> 38.1 | K71: =K72 -> 38.1 | L71: =L72 -> 21.1
A72: Администрация Мордовско-Полянского сельского поселения Зубово-Полянского муниципального района Республики Мордовия | B72: 65 | C72: 1 | D72: 00 | E72: 41120 | F72: 850 | G72: 01 | H72: 04 | I72: 923 | J72: ='Приложение 2'!J31 -> 38.1 | K72: ='Приложение 2'!K31 -> 38.1 | L72: ='Приложение 2'!L31 -> 21.1
A73: Обеспечение деятельности главы администрации Мордовско-Полянского сельского поселения Зубово-Полянского муниципального района | B73: 65 | C73: 2 | J73: =J74 -> 409.8 | K73: =K74 -> 309.8 | L73: =L74 -> 309.8
A74: Расходы на выплаты по оплате труда высшего должностного лица | B74: 65 | C74: 2 | D74: 00 | E74: 41150 | J74: =J75 -> 409.8 | K74: =K75 -> 309.8 | L74: =L75 -> 309.8
A75: Расходы на выплаты персоналу в целях обеспечения выполнения функций государственными (муниципальными) органами, казенными учреждениями, органами управления государственными внебюджетными фондами | B75: 65 | C75: 2 | D75: 00 | E75: 41150 | F75: 100 | J75: =J76 -> 409.8 | K75: =K76 -> 309.8 | L75: =L76 -> 309.8
A76: Расходы на выплаты персоналу государственных (муниципальных)органов | B76: 65 | C76: 2 | D76: 00 | E76: 41150 | F76: 120 | J76: =J77 -> 409.8 | K76: =K77 -> 309.8 | L76: =L77 -> 309.8
A77: Общегосударственные вопросы | B77: 65 | C77: 2 | D77: 00 | E77: 41150 | F77: 120 | G77: 01 | J77: =J78 -> 409.8 | K77: =K78 -> 309.8 | L77: =L78 -> 309.8
A78: Функционирование главы администрации Мордовско-Полянского сельского поселения Зубово-Полянского муниципального района | B78: 65 | C78: 2 | D78: 00 | E78: 41150 | F78: 120 | G78: 01 | H78: 02 | J78: =J79 -> 409.8 | K78: =K79 -> 309.8 | L78: =L79 -> 309.8
A79: Администрация Мордовско-Полянского сельского поселения Зубово-Полянского муниципального района Республики Мордовия | B79: 65 | C79: 2 | D79: 00 | E79: 41150 | F79: 120 | G79: 01 | H79: 02 | I79: 923 | J79: ='Приложение 2'!J14 -> 409.8 | K79: ='Приложение 2'!K14 -> 309.8 | L79: ='Приложение 2'!L14 -> 309.8
A80: Непрограмные расходы главных распорядителей бюджетных средств | B80: 89 | J80: =J81 -> 3305.87 | K80: =K81 -> 237.2 | L80: =L81 -> 252.7
A81: Непрограмные расходы в рамках обеспечения деятельности главных распорядителей бюджетных средств | B81: 89 | C81: 1 | J81: =J82+J88+J94+J100 -> 3305.87 | K81: =K82+K88+K94+K100 -> 237.2 | L81: =L82+L88+L94+L100 -> 252.7
A82: Доплаты к пенсиям муниципальных служащих Республики Мордовия | B82: 89 | C82: 1 | D82: 00 | E82: 03010 | J82: =J83 -> 211 | K82: =K83 -> 222.5 | L82: =L83 -> 231.5
A83: Социальное обеспечение и иные выплаты населению населения | B83: 89 | C83: 1 | D83: 00 | E83: 03010 | F83: 300 | J83: =J84 -> 211 | K83: =K84 -> 222.5 | L83: =L84 -> 231.5
A84: Публичные нормативные социальные выплаты гражданам | B84: 89 | C84: 1 | D84: 00 | E84: 03010 | F84: 310 | J84: =J85 -> 211 | K84: =K85 -> 222.5 | L84: =L85 -> 231.5
A85: Иные пенсии, социальные доплаты к пенсиям | B85: 89 | C85: 1 | D85: 00 | E85: 03010 | F85: 310 | J85: =J86 -> 211 | K85: =K86 -> 222.5 | L85: =L86 -> 231.5
A86: Социальная политика | B86: 89 | C86: 1 | D86: 00 | E86: 03010 | F86: 310 | G86: 10 | J86: =J87 -> 211 | K86: =K87 -> 222.5 | L86: =L87 -> 231.5
A87: Пенсионное обеспечение | B87: 89 | C87: 1 | D87: 00 | E87: 03010 | F87: 310 | G87: 10 | H87: О1 | I87: 923 | J87: ='Приложение 2'!J72 -> 211 | K87: ='Приложение 2'!K72 -> 222.5 | L87: ='Приложение 2'!L72 -> 231.5
A88: Резервные фонды Мордовско-Полянского сельского поселения Зубово-Полянского муниципального района | B88: 89 | C88: 1 | D88: 00 | E88: 41180 | J88: =J89 -> 0 | K88: =K89 -> 1 | L88: =L89 -> 1
A89: Иные бюджетные ассигнования | B89: 89 | C89: 1 | D89: 00 | E89: 41180 | F89: 800 | J89: =J90 -> 0 | K89: =K90 -> 1 | L89: =L90 -> 1
A90: Резервные средства | B90: 89 | C90: 1 | D90: 00 | E90: 41180 | F90: 870 | J90: =J91 -> 0 | K90: =K91 -> 1 | L90: =L91 -> 1
A91: Общегосударственные вопросы | B91: 89 | C91: 1 | D91: 00 | E91: 41180 | F91: 870 | G91: 01 | J91: =J92 -> 0 | K91: =K92 -> 1 | L91: =L92 -> 1
A92: Резервные фонды | B92: 89 | C92: 1 | D92: 00 | E92: 41180 | F92: 870 | G92: 01 | H92: 11 | J92: =J93 -> 0 | K92: =K93 -> 1 | L92: =L93 -> 1
A93: Администрация Мордовско-Полянского сельского поселения Зубово-Полянского муниципального района Республики Мордовия | B93: 89 | C93: 1 | D93: 00 | E93: 41180 | F93: 870 | G93: 01 | H93: 11 | I93: 923 | J93: ='Приложение 2'!J38 -> 0 | K93: ='Приложение 2'!K38 -> 1 | L93: ='Приложение 2'!L38 -> 1
A94: Уличное освещение | B94: 89 | C94: 1 | D94: 00 | E94: 43010 | J94: =J95 -> 85 | K94: =K95 -> 3.7 | L94: =L95 -> 10
A95: Закупка товаров, работ и услуг для обеспечения государственных (муниципальных) нужд | B95: 89 | C95: 1 | D95: 00 | E95: 43010 | F95: 200 | J95: =J96 -> 85 | K95: =K96 -> 3.7 | L95: =L96 -> 10
A96: Иные закупки товаров, работ и услуг для обеспечения государственных (муниципальных) нужд | B96: 89 | C96: 1 | D96: 00 | E96: 43010 | F96: 240 | J96: =J97 -> 85 | K96: =K97 -> 3.7 | L96: =L97 -> 10
A97: Жилищно - коммунальное хозяйство | B97: 89 | C97: 1 | D97: 00 | E97: 43010 | F97: 240 | G97: 05 | J97: =J98 -> 85 | K97: =K98 -> 3.7 | L97: =L98 -> 10
A98: Благоустройство | B98: 89 | C98: 1 | D98: 00 | E98: 43010 | F98: 240 | G98: 05 | H98: 03 | J98: =J99 -> 85 | K98: =K99 -> 3.7 | L98: =L99 -> 10
A99: Администрация Мордовско-Полянского сельского поселения Зубово-Полянского муниципального района Республики Мордовия | B99: 89 | C99: 1 | D99: 00 | E99: 43010 | F99: 240 | G99: 05 | H99: 03 | I99: 923 | J99: ='Приложение 2'!J62 -> 85 | K99: ='Приложение 2'!K62 -> 3.7 | L99: ='Приложение 2'!L62 -> 10
A100: Прочие мероприятия по благоустройству | B100: 89 | C100: 1 | D100: 00 | E100: 43040 | J100: =J101 -> 3009.87 | K100: =K101 -> 10 | L100: =L101 -> 10.2
...

Sheet Приложение 5
C1: Приложение 5 к решению Совета депутатов Мордовско-Полянского сельского поселения Зубово-Полянского муниципального района Республики Мордовия «О внесении изменений и дополнений в бюджет Мордовско-Полянского сельского поселения Зубово-Полянского муниципального района Республики Мордовия на 2023 год и на плановый период 2024 и 2025 годы» № от 2023 г
A7: ИСТОЧНИКИ ВНУТРЕННЕГО ФИНАНСИРОВАНИЯ ДЕФИЦИТА БЮДЖЕТА МОРДОВСКО-ПОЛЯНСКОГО СЕЛЬСКОГО ПОСЕЛЕНИЯ ЗУБОВО-ПОЛЯНСКОГО МУНИЦИПАЛЬНОГО РАЙОНА РЕСПУБЛИКИ МОРДОВИЯ НА 2023 ГОД И НА ПЛАНОВЫЙ ПЕРИОД 2024 и 2025 ГОДЫ
A9: Код | B9: Наименование кода группы, подгруппы, статьи, вида источника финансирования дефицитов бюджетов, кода классификации операций сектора государственного управления, относящихся к источникам финансирования дефицитов бюджетов Российской Федерации | C9: Сумма (тыс. руб.)
C10: 2023 год | D10: 2024 год | E10: 2025 год
A11: 1 | B11: 2 | C11: 3 | D11: 4 | E11: 5
A12: 000 01 00 00 00 00 0000 000 | B12: ИСТОЧНИКИ ВНУТРЕННЕГО ФИНАНСИРОВАНИЯ ДЕФИЦИТОВ БЮДЖЕТОВ | C12: =C18+C26+C31+C13 -> 1.8474111e-13 | D12: =D18+D26+D31+D13 -> 0 | E12: =E18+E26+E31+E13 -> 0
A13: 000 01 02 00 00 00 0000 000 | B13: Кредиты кредитных организаций в валюте Российской Федерации | C13: =C14 -> 42.2 | D13: =D14 -> 63.3 | E13: =E14 -> 84.4
A14: 000 01 02 00 00 00 0000 700 | B14: Получение кредитов от кредитных организаций в валюте Российской Федерации | C14: =C15 -> 42.2 | D14: =D15 -> 63.3 | E14: =E15 -> 84.4
A15: 000 01 02 00 00 10 0000 710 | B15: Получение кредитов от кредитных организаций бюджетами поселений в валюте Российской Федерации | C15: 42.2 | D15: 63.3 | E15: 84.4
A16: 000 01 02 00 00 00 0000 800 | B16: Погашение кредитов, предоставленных кредитными организациями в валюте Российской Федерации | C16: =C17 -> 0 | D16: =D17 -> 0 | E16: =E17 -> 0
A17: 000 01 02 00 00 10 0000 810 | B17: Погашение кредитов, предоставленных кредитными организациями бюджетами поселений в валюте Российской Федерации
A18: 000 01 03 00 00 00 0000 000 | B18: Бюджетные кредиты от других бюджетов бюджетной системы Российской Федерации | C18: =C19 -> -42.2 | D18: =D19 -> -63.3 | E18: =E19 -> -84.4
A19: 000 01 03 01 00 00 0000 000 | B19: Бюджетные кредиты от других бюджетов бюджетной системы Российской Федерации в валюте Российской Федерации | C19: =C20+C22 -> -42.2 | D19: =D20+D22 -> -63.3 | E19: =E20+E22 -> -84.4
A20: 000 01 03 01 00 00 0000 700 | B20: Получение бюджетных кредитов от других бюджетов бюджетной системы Российской Федерации в валюте Российской Федерации | C20: =C21 -> 0 | D20: =D21 -> 0 | E20: =E21 -> 0
A21: 000 01 03 01 00 10 0000 710 | B21: Получение кредитов от других бюджетов бюджетной системы Российской Федерации бюджетами поселений в валюте Российской Федерации | C21: 0 | D21: 0 | E21: 0
A22: 000 01 03 01 00 00 0000 800 | B22: Погашение бюджетных кредитов от других бюджетов бюджетной системы Российской Федерации в валюте Российской Федерации | C22: =C23 -> -42.2 | D22: =D23 -> -63.3 | E22: =E23 -> -84.4
A23: 000 01 03 01 00 10 0000 810 | B23: Погашение кредитов от других бюджетов бюджетной системы Российской Федерации бюджетами поселений в валюте Российской Федерации | C23: -42.2 | D23: -63.3 | E23: -84.4
A24: 000 01 03 01 00 10 2604 810 | B24: Погашение кредитов от других бюджетов бюджетной системы Российской Федерации бюджетами поселений в валюте Российской Федерации на покрытие временногокассового разрыва, возникающего при исполнении бюджета | C24: 0 | D24: 0 | E24: 0
A25: 000 01 05 00 00 00 0000 000 | B25: Изменение остатков средств на счетах по учету средств бюджета | D25: =D26+D31 -> 0 | E25: =E26+E31 -> 0
A26: 000 01 05 00 00 00 0000 500 | B26: Увеличение остатков средств бюджетов | C26: =C27 -> -4950.4 | D26: =D27 -> -1537.9 | E26: =E27 -> -1524.9
A27: 000 01 05 02 00 00 0000 500 | B27: Увеличение прочих остатков средств бюджетов | C27: =C28 -> -4950.4 | D27: =D28 -> -1537.9 | E27: =E28 -> -1524.9
A28: 000 01 05 02 01 00 0000 510 | B28: Увеличение прочих остатков денежных средств бюджетов | C28: =C29 -> -4950.4 | D28: =D29 -> -1537.9 | E28: =E29 -> -1524.9
A29: 000 01 05 02 01 10 0000 510 | B29: Увеличение прочих остатков денежных средств бюджетов поселений | C29: -4950.4 | D29: -1537.9 | E29: -1524.9
A31: 000 01 05 00 00 00 0000 600 | B31: Уменьшение остатков средств бюджетов | C31: =C32 -> 4950.4 | D31: =D32 -> 1537.9 | E31: =E32 -> 1524.9
A32: 000 01 05 02 00 00 0000 600 | B32: Уменьшение прочих остатков средств бюджетов | C32: =C33 -> 4950.4 | D32: =D33 -> 1537.9 | E32: =E33 -> 1524.9
A33: 000 01 05 02 01 00 0000 600 | B33: Уменьшение прочих остатков денежных средств бюджетов | C33: =C34 -> 4950.4 | D33: =D34 -> 1537.9 | E33: =E34 -> 1524.9
A34: 000 01 05 02 01 10 0000 610 | B34: Уменьшение прочих остатков денежных средств бюджетов поселений | C34: 4950.4 | D34: 1537.9 | E34: 1524.9
A35: 000 01 06 00 00 00 0000 000 | B35: Иные источники внутреннего финансирования дефицитов бюджетов
A36: 000 01 06 05 00 00 0000 000 | B36: Бюджетные кредиты, предоставленные внутри страны в валюте Российской Федерации | C36: =C42 -> 0 | D36: =D42 -> 0 | E36: =E42 -> 0
A37: 000 01 06 05 00 00 0000 600 | B37: Возврат бюджетных кредитов, предоставленных внутри страны в валюте Российской Федерации | C37: =C38 -> 0 | D37: =D38 -> 0 | E37: =E38 -> 0
A38: 000 01 06 05 01 00 0000 600 | B38: Возврат бюджетных кредитов, предоставленных юридическим лицам в валюте Российской Федерации | C38: =C39 -> 0 | D38: =D39 -> 0 | E38: =E39 -> 0
A39: 000 01 06 05 01 10 0000 640 | B39: Возврат бюджетных кредитов, предоставленных юридическим лицам из бюджетов поселений в валюте Российской Федерации | C39: 0 | D39: 0 | E39: 0
A40: 000 01 06 05 02 00 0000 640 | B40: Возврат бюджетных кредитов, предоставленных другим бюджетам бюджетной системы Российской Федерации в валюте Российской Федерации | C40: =C41 -> 0 | D40: =D41 -> 0 | E40: =E41 -> 0
A41: 000 01 06 05 02 10 0000 640 | B41: Возврат бюджетных кредитов, предоставленных другим бюджетам бюджетной системы Российской Федерации из бюджетов поселений в валюте Российской Федерации | C41: 0 | D41: 0 | E41: 0
A42: 000 01 06 05 00 00 0000 500 | B42: Предоставление бюджетных кредитов внутри страны в валюте Российской Федерации | C42: =C43 -> 0 | D42: =D43 -> 0 | E42: =E43 -> 0
A43: 000 01 06 05 02 10 0000 540 | B43: Предоставление бюджетных кредитов другим бюджетам бюджетной системы Российской Федерации из бюджетов поселений в валюте Российской Федерации
B44: Привлечение средств
B45: Погашение основной суммы задолженности

Sheet Приложение 6
F1: Приложение 6 к решению Совета депутатов Мордовско-Полянского сельского поселения Зубово-Полянского муниципального района Республики Мордовия «О внесении изменений и дополнений в бюджет Мордовско-Полянского сельского поселения Зубово-Полянского муниципального района Республики Мордовия на 2023 год и на плановый период 2024 и 2025 годы» № от 2023 г
A8: ПРОГРАММА МУНИЦИПАЛЬНЫХ ВНУТРЕННИХ ЗАИМСТВОВАНИЙ МОРДОВСКО-ПОЛЯНСКОГО СЕЛЬСКОГО ПОСЕЛЕНИЯ ЗУБОВО-ПОЛЯНСКОГО МУНИЦИПАЛЬНОГО РАЙОНА РЕСПУБЛИКИ МОРДОВИЯ НА 2023 ГОД И НА ПЛАНОВЫЙ ПЕРИОД 2024 И 2025 ГОДЫ
A10: № п/п | B10: Виды заимствований | F10: Сумма (тыс. рублей)
F11: 2023 год | G11: 2024 год | I11: 2025 год
A12: 1 | B12: Кредиты кредитных организаций в валюте Российской Федерации | F12: =F14 -> 0 | G12: =G14 -> 0 | I12: =I14 -> 0
B13: в том числе:
B14: Объем привлечения
B15: Объем средств, направляемых на погашение основной суммы долга
B16: Бюджетные кредиты от других бюджетов бюджетной системы Российской Федерации | F16: =F19 -> -42.2 | G16: =G19 -> -63.3 | I16: =I19 -> -84.4
B17: в том числе:
B18: Объем привлечения
B19: Объем средств, направляемых на погашение основной суммы долга | F19: -42.2 | G19: -63.3 | I19: -84.4
B27: ВСЕГО | F27: =F12+F16 -> -42.2 | G27: =G12+G16 -> -63.3 | I27: =I12+I16 -> -84.4
